 Dungeon Crawl Stone Soup version 0.17-a0-802-g1f09329 (console) character file.

4039 dunyain the Cleaver (level 10, 69/76 HPs)
             Began as a Demonspawn Gladiator on Apr 26, 2015.
             Was a Believer of Okawaru.
             Quit the game on level 8 of the Dungeon.
             The game lasted 00:14:15 (8580 turns).

dunyain the Cleaver (Demonspawn Gladiator)          Turns: 8580, Time: 00:14:15

Health: 69/76      AC: 17    Str: 17    XL:     10   Next: 4%
Magic:  10/10      EV:  9    Int:  9    God:    Okawaru [**....]
Gold:   402        SH:  0    Dex: 16    Spells: 0 memorised, 9 levels left

rFire  + . .     SeeInvis +     b - +0 blowgun
rCold  . . .     Clarity  .     L - +3 chain mail
rNeg   . . .     SustAb   .     (no shield)
rPois  .         Gourm    .     q - +2 helmet
rElec  .         Spirit   +     (no cloak)
rCorr  .         Warding  .     l - +0 pair of gloves
rMut   .         Stasis   .     (no boots)
MR     .....                    (no amulet)
Stlth  ..........               Q - ring of see invisible
                                C - +1 ring of evasion

@: not resistant to hostile enchantments, extremely unstealthy
A: hooves 2, slimy green scales 1, fire resistance 1, magic shield
a: Heroism, Renounce Religion


You were on level 8 of the Dungeon.
You worshipped Okawaru.
Okawaru was pleased with you.
You were not hungry.

You visited 2 branches of the dungeon, and saw 9 of its levels.

You collected 402 gold pieces.

Inventory:

Hand weapons
 a - a +0 war axe
 b - a +0 blowgun (weapon)
Missiles
 d - 3 throwing nets
 U - 26 poisoned needles (quivered)
Armour
 c - a +0 helmet
 l - a +0 pair of gloves (worn)
 q - a +2 helmet (worn)
 D - the +2 helmet "Oribbyqo" {+Blink rF- Str+3}
   (You found it on level 4 of the Dungeon)

   It affects your strength (+3).
   It makes you vulnerable to fire.
   It lets you blink.
 L - a +3 chain mail (worn)
 T - a +0 leather armour
Jewellery
 C - a +1 ring of evasion (left hand)
 Q - a ring of see invisible (right hand)
Magical devices
 y - a wand of draining (0)
 E - a wand of magic darts (0)
Scrolls
 h - 8 scrolls of identify
 j - 2 scrolls of magic mapping
 m - 3 scrolls of teleportation
 M - a scroll of enchant armour
 P - 2 scrolls of remove curse
 S - a scroll of recharging {unknown}
Potions
 g - a potion of brilliance {unknown}
 k - a potion of invisibility {unknown}
 o - 2 potions of heal wounds
 u - a potion of curing
 G - a potion of poison {unknown}
 K - a potion of haste {unknown}
 W - a potion of resistance {unknown}
Books
 A - a book of Necromancy

   Spells                             Type                      Level
   a - Pain                           Necromancy                   1
   b - Animate Skeleton               Necromancy                   1
   c - Vampiric Draining              Necromancy                   3
   d - Regeneration                   Charms/Necromancy            3
   e - Animate Dead                   Necromancy                   4
   f - Control Undead                 Necromancy                   4
Comestibles
 e - 3 bread rations
 f - 2 beef jerkies
 I - 2 slices of pizza
 O - 3 fruits
 R - 3 meat rations


   Skills:
 - Level 6.1 Fighting
 - Level 12.1 Axes
 - Level 1.7 Throwing
 + Level 1.5 Armour
 - Level 2.6 Dodging


You had 9 spell levels left.
You didn't know any spells.

Dungeon Overview and Level Annotations

Branches:
Dungeon (8/15)             Temple (1/1) D:5
   Lair: D:8-11

Altars:
Ashenzari
Cheibriados
Dithmenos
Elyvilon
Fedhas
Gozag
Makhleb
Nemelex Xobeh
Okawaru
Sif Muna
Trog
Vehumet
Xom
Yredelemnul
Zin
The Shining One

Annotations:
D:4 Protee's ghost, average OpTm


Innate Abilities, Weirdness & Mutations

You have hoof-like feet.
You are partially covered in slimy green scales (AC +2).
Your flesh is heat resistant.
When hurt, damage is shared between your health and your magic reserves.


Message History

You see here 2 poisoned needles.
Firing (i - inventory. (,) - cycle):
U - 28 poisoned needles (quivered)
Press: ? - help, Shift-Dir - straight line, f/p - Prince Ribbit
Aim: Prince Ribbit (severely wounded, poisoned)
You shoot a poisoned needle. The poisoned needle hits Prince Ribbit!
Prince Ribbit is severely wounded.
Prince Ribbit blinks!
Firing (i - inventory. (,) - cycle):
U - 27 poisoned needles (quivered)
Press: ? - help, Shift-Dir - straight line, f/p - Prince Ribbit
Aim: Prince Ribbit (almost dead, poisoned)
You shoot a poisoned needle. The poisoned needle hits Prince Ribbit!
Prince Ribbit is almost dead.
Prince Ribbit disappears!
Okawaru accepts your kill.
Your Armour skill increases to level 1!
You have reached level 10!
Your demonic ancestry asserts itself...
You feel resistant to heat.
You feel a bit more experienced.
Are you sure you want to abandon this character and quit the game? (Confirm with "yes".)

..........#
#.#.#######.....#####
..........# #.#(#
..........+
..........# #.#.#
#####....#
..........# #.#(#
#....# ..........#
#.#(# #..........
..........# #.#.#
###...#####
.#'######## #(#
.....# .#.#
#.########....# ##+#
#(@......#....#
####...........
.......... ..(. ...
... .


There were no monsters in sight!

Vanquished Creatures
  An unseen horror (D:8)
  Pikel (D:4)
  Grinder (D:6)
  Prince Ribbit (D:8)
  A hungry ghost (D:7)
  2 ice beasts
  2 sky beasts
  6 ogres
  A necrophage (D:7)
  A phantom (D:4)
  3 centaurs (D:7)
  2 big kobolds (D:7)
  Blork the orc (D:6)
  A giant frog (D:6)
  A goliath beetle (D:7)
  5 orc priests
  A giant frog zombie (D:4)
  2 hounds
  The ghost of ImmaFairy the Scratcher, a weakling FeTm of Dithmenos (D:3)
  Ijyb (D:3)
  2 iguanas
  An orc wizard (D:8)
  A centaur skeleton (D:4)
  Terence (D:3)
  2 worker ants (D:6)
  2 hound zombies (D:6)
  2 worker ant zombies
  Robin (D:2)
  A gnoll (D:6)
  8 adders
  A shadow imp (D:8)
  An ooze (D:5)
  An adder zombie (D:6)
  6 worms
  An adder skeleton (D:4)
  10 giant geckos
  21 orcs
  4 giant cockroaches
  25 goblins
  18 hobgoblins
  5 jackals
  2 quokkas
  3 ball pythons
  20 bats
  2 giant gecko skeletons
  6 giant newts
  2 giant spores (D:6)
  A jackal skeleton (D:4)
  18 kobolds
  15 rats
  11 ballistomycetes (D:6)
229 creatures vanquished.

Vanquished Creatures (others)
  A slave (D:5)
  A worker ant (D:5)
  An adder (D:5)
  An adder skeleton (D:5)
  An orc (D:5)
  A giant cockroach (D:5)
  A hobgoblin (D:5)
  2 rats (D:5)
9 creatures vanquished.

Grand Total: 238 creatures vanquished

Notes
Turn   | Place    | Note
--------------------------------------------------------------
     0 | D:1      | dunyain, the Demonspawn Gladiator, began the quest for the Orb.
     0 | D:1      | Reached XP level 1. HP: 16/16 MP: 1/1
   134 | D:1      | Reached skill level 3 in Axes
   386 | D:1      | Gained mutation: You have large cloven feet. [demonic ancestry]
   386 | D:1      | Reached XP level 2. HP: 22/22 MP: 2/2
   836 | D:2      | Reached XP level 3. HP: 19/27 MP: 3/3
  1062 | D:2      | Noticed Robin
  1066 | D:2      | Reached skill level 4 in Axes
  1071 | D:2      | Killed Robin
  1296 | D:2      | Gained mutation: You are partially covered in slimy green scales (AC +2). [demonic ancestry]
  1296 | D:2      | Reached XP level 4. HP: 7/33 MP: 4/4
  2124 | D:3      | Found a shadowy altar of Dithmenos.
  2328 | D:3      | Noticed Terence
  2338 | D:3      | Killed Terence
  2338 | D:3      | Reached skill level 5 in Axes
  2496 | D:3      | Reached XP level 5. HP: 36/38 MP: 5/5
  2548 | D:3      | Noticed Ijyb
  2600 | D:3      | Killed Ijyb
  3017 | D:4      | Noticed Protee's ghost (average OpTm)
  3318 | D:4      | Got a translucent helmet
  3329 | D:4      | Identified the +2 helmet "Oribbyqo" {+Blink rF- Str+3} (You found it on level 4 of the Dungeon)
  3622 | D:3      | Noticed ImmaFairy's ghost (weakling FeTm)
  3635 | D:3      | Killed ImmaFairy's ghost
  3635 | D:3      | Reached skill level 6 in Axes
  3829 | D:4      | Gained mutation: When hurt, damage is shared between your health and your magic reserves. [demonic ancestry]
  3829 | D:4      | Reached XP level 6. HP: 42/44 MP: 6/6
  3844 | D:4      | Found a shimmering altar of Xom.
  4008 | D:4      | Noticed a phantom
  4038 | D:4      | Killed a phantom
  4280 | D:5      | Entered Level 5 of the Dungeon
  4280 | D:5      | Noticed Pikel
  4315 | D:4      | Killed Pikel
  4315 | D:4      | Reached skill level 8 in Axes
  4315 | D:4      | Reached XP level 7. HP: 32/50 MP: 2/7
  4862 | D:5      | Reached skill level 9 in Axes
  4862 | D:5      | Reached XP level 8. HP: 34/56 MP: 5/8
  4954 | D:5      | Found a staircase to the Ecumenical Temple.
  5038 | Temple   | Entered the Ecumenical Temple
  5896 | D:6      | Reached skill level 10 in Axes
  6441 | D:6      | Found a basalt altar of Yredelemnul.
  6442 | D:6      | Found a bloodstained altar of Trog.
  6596 | D:6      | Noticed Grinder
  6631 | D:6      | Killed Grinder
  6631 | D:6      | Reached skill level 11 in Axes
  6631 | D:6      | Gained mutation: You have hoof-like feet. [demonic ancestry]
  6631 | D:6      | Reached XP level 9. HP: 49/61 MP: 6/9
  6669 | D:6      | Found a radiant altar of Vehumet.
  6673 | D:6      | Noticed Blork the orc
  6686 | D:6      | Killed Blork the orc
  6724 | D:6      | Found an iron altar of Okawaru.
  6767 | D:6      | Became a worshipper of Warmaster Okawaru
  7228 | D:7      | Found a deep blue altar of Sif Muna.
  7696 | D:7      | Acquired Okawaru's first power
  7696 | D:7      | Reached skill level 12 in Axes
  7698 | D:7      | Found a glowing silver altar of Zin.
  7699 | D:7      | Found a blossoming altar of Fedhas.
  8002 | D:7      | Found a snail-covered altar of Cheibriados.
  8329 | D:8      | Noticed an unseen horror
  8349 | D:8      | Killed an unseen horror
  8528 | D:8      | Noticed Prince Ribbit
  8579 | D:8      | Killed Prince Ribbit
  8579 | D:8      | Reached skill level 1 in Armour
  8579 | D:8      | Gained mutation: Your flesh is heat resistant. [demonic ancestry]
  8579 | D:8      | Reached XP level 10. HP: 69/76 MP: 10/10
  8580 | D:8      | Quit the game

Action                   |  1- 3 |  4- 6 |  7- 9 | 10-12 || total
-------------------------+-------+-------+-------+-------++-------
Melee: War axe           |   111 |   270 |   544 |       ||   925
 Fire: Blowgun           |       |       |    20 |       ||    20
Evoke: Wand              |       |       |    13 |       ||    13
  Use: Scroll            |       |     7 |       |       ||     7
       Potion            |       |     2 |       |       ||     2
  Eat: Chunk             |     1 |    10 |    14 |       ||    25
       Beef jerky        |       |       |     1 |       ||     1
